 Dungeon Crawl Stone Soup version 0.29.0-4-gdea44cf6ec (webtiles) character file.

Game seed: 4154596187393764066

2498 qw the Grappler (level 9, -7/84 HPs)
             Began as a Troll Cinder Acolyte on Sept 1, 2022.
             Was an Elder of Ignis.
             Mangled by a death yak (14 damage)
             ... on level 8 of the Dungeon.
             The game lasted 00:02:58 (5550 turns).

qw the Grappler (Troll Cinder Acolyte)              Turns: 5550, Time: 00:02:59

Health: -7/84      AC: 15    Str: 28    XL:     9   Next: 28%
Magic:  0/9        EV:  9    Int: 10    God:    Ignis [****..]
Gold:   89         SH:  0    Dex:  5    Spells: 10/10 levels left

rFire   + . .      SeeInvis .     - Unarmed
rCold   . . .      Faith    .   (no shield)
rNeg    . . .      Spirit   +   l - +1 robe {Will+}
rPois   +          Reflect  .   (helmet restricted)
rElec   .          Harm     .   f - +2 cloak
rCorr   .          Rampage  .   (gloves unavailable)
Will    +....                   (boots unavailable)
Stlth   +.........              c - amulet of guardian spirit
HPRegen 1.04/turn               b - ring of poison resistance
MPRegen 0.11/turn               (no ring)

@: about to teleport, fiery-armoured
A: large, unfitting armour, claws 3, regeneration 1, shaggy fur 1, tough skin 1
a: Renounce Religion, Fiery Armour, Foxfire Swarm, Rising Flame


You were on level 8 of the Dungeon.
You worshipped Ignis.
Ignis was greatly pleased with you.
You visited 1 branch of the dungeon, and saw 8 of its levels.

You collected 1545 gold pieces.
You spent 1456 gold pieces at shops.


Innate Abilities, Weirdness & Mutations

You are too large for most types of armour.
You have claws for hands.
Your natural rate of healing is unusually fast.
You are covered in fur. (AC +1)
You have tough skin. (AC +1)


   Skills:
 - Level 4.1 Fighting
 - Level 1.5 Throwing
 - Level 1.4 Dodging
 + Level 11.9 Unarmed Combat
 - Level 1.0 Spellcasting
 - Level 2.1 Fire Magic


You had 10 spell levels left.
You didn't know any spells.
Your spell library contained the following spells:

 Spells                   Type           Power      Damage    Failure   Level
 Scorch                   Fire           8%         2d5       22%         2

Inventory:

Missiles
 i - 8 boomerangs (quivered)
Armour
 f - a +2 cloak (worn)
 l - a +1 robe of willpower (worn)
 o - a +0 robe of fire resistance
Jewellery
 b - a ring of poison resistance (left claw)
 c - an amulet of guardian spirit (around neck)
 p - a ring of fire
Scrolls
 g - a scroll of enchant weapon
 j - 3 scrolls of identify
 q - a scroll of teleportation
Potions
 a - a potion of brilliance {unknown}
 d - 3 potions of haste
 e - 4 potions of curing
 h - a potion of resistance
 k - 3 potions of mutation
 m - a potion of cancellation
 n - 4 potions of might

Dungeon Overview and Level Annotations

Branches:
Dungeon (8/15)             Temple (0/1) D:6
   Lair: D:8-11

Altars:
Fedhas
Makhleb
Nemelex Xobeh
Okawaru
Sif Muna
Uskayaw
Vehumet
Yredelemnul
The Shining One
Lugonu

Shops:
D:4 *:   D:7 !*

Annotations:
D:3 2 runed translucent doors, qw's ghost, amateur TrCA
D:7 2 transporters


Message History

Increase (S)trength, (I)ntelligence, or (D)exterity?
You feel stronger. x3
You mangle the death yak!!
The death yak is moderately wounded.
The death yak gores you.
The death yak is burned by your cloak of flames.
The death yak is heavily wounded.
The quokka twitches its whiskers.
You scratch the death yak.
The death yak is heavily wounded.
The death yak gores you!!
The death yak is burned by your cloak of flames.
The death yak is heavily wounded.
You scratch the death yak but do no damage.
The death yak is heavily wounded.
You claw the death yak!
The death yak is severely wounded.
The death yak gores you but does no damage.
The death yak is burned by your cloak of flames.
The death yak is severely wounded.
A quokka comes into view.
5544 ||| Stepping ~*~*~tactically~*~*~ (stealth).
You mangle the death yak!!
The death yak is almost dead.
The death yak gores you!
5546 ||| Stepping ~*~*~tactically~*~*~ (outnumbered).
The death yak attacks as you move away! The death yak gores you!
5547 ||| READING 2 scrolls of teleportation.
As you read the scroll of teleportation, it crumbles to dust.
You feel strangely unstable. The death yak barely misses you.
The death yak snorts and paws the ground.
The death yak gores you!
5548 ||| Stepping ~*~*~tactically~*~*~ (outnumbered).
The death yak attacks as you move away! The death yak barely misses you.
The death yak attacks as you move away! The death yak gores you!
5549 ||| Stepping ~*~*~tactically~*~*~ (outnumbered).
5550 ||| Stepping ~*~*~tactically~*~*~ (outnumbered).
The death yak attacks as you move away! The death yak gores you!
You die...

######### ###.......######
...............#
...............+
...............#
...............#
.........@Yr...#
###########'##Y....#
#............+..Y..#+####.
#............#....%.......
#............######......#
#.....##.....# ......#
########.....##. ......#
#.....##........ ......#
#.....#......... .......


You could see 2 death yaks, an ice beast and a quokka.

Vanquished Creatures
  A death yak (D:8)
  Menkaure (D:4)
  A water moccasin (D:7)
  An orc warrior (D:8)
  2 ogres (D:6)
  2 centaurs
  A phantom (D:5)
  A kobold brigand (D:6)
  2 scorpions
  4 killer bees (D:7)
  6 orc priests
  A gnoll bouda (D:7)
  2 hounds (D:5)
  A jelly (D:5)
  2 iguanas (D:5)
  7 orc wizards
  9 adders
  11 gnolls
  A shadow imp (D:5)
  2 white imps
  3 worms
  2 dart slugs
  23 orcs
  4 ball pythons
  2 endoplasms
  3 giant cockroaches
  6 goblins
  7 hobgoblins
  4 quokkas
  5 bats
  7 frilled lizards
  4 kobolds
  5 rats
133 creatures vanquished.

Vanquished Creatures (others)
  A plant (D:3)
1 creature vanquished.

Grand Total: 134 creatures vanquished

Notes
Turn   | Place    | Note
-------+----------+-------------------------------------------
     0 | D:1      | qw the Troll Cinder Acolyte began the quest for the Orb.
     0 | D:1      | Reached XP level 1. HP: 22/22 MP: 1/1
     0 | D:1      | 0 ||| qw: Version: 0.1-a-97-g2dd2ca4
     0 | D:1      | 0 ||| qw: Game counter: 4722
     0 | D:1      | 0 ||| qw: Always use a shield: true
     0 | D:1      | 0 ||| qw: God list: Okawaru
     0 | D:1      | 0 ||| qw: Allow faded altars: false
     0 | D:1      | 0 ||| qw: Do Orc after D:15 true
     0 | D:1      | 0 ||| qw: Do second Lair branch before Depths: true
     0 | D:1      | 0 ||| qw: Lair rune preference: random
     0 | D:1      | 0 ||| qw: Plans: Normal
     0 | D:1      | 0 ||| PLANNING D:1-11
    93 | D:1      | Found a faded altar of an unknown god.
   321 | D:1      | Reached XP level 2. HP: 29/29 MP: 2/2
   754 | D:1      | Reached skill level 4 in Unarmed Combat
  1083 | D:1      | 1083 ||| UPGRADING to amulet of guardian spirit.
  1088 | D:1      | 1088 ||| READING scroll labelled TEAROL NOSMY.
  1089 | D:1      | 1089 ||| READING scroll labelled RUUR NIN FOH.
  1092 | D:1      | 1092 ||| READING scroll labelled JYESSI ZISIRU.
  1093 | D:1      | 1093 ||| READING scroll labelled KAISIO LITRIAQ.
  1094 | D:1      | 1094 ||| READING scroll labelled UKUHUNOCHE.
  1151 | D:2      | 1151 ||| Stepping ~*~*~tactically~*~*~ (hiding).
  1153 | D:2      | 1153 ||| Stepping ~*~*~tactically~*~*~ (hiding).
  1328 | D:2      | Found a shimmering blue altar of Sif Muna.
  1345 | D:2      | Reached XP level 3. HP: 34/36 MP: 3/3
  1495 | D:2      | 1495 ||| Stepping ~*~*~tactically~*~*~ (stealth).
  1730 | D:2      | 1730 ||| Stepping ~*~*~tactically~*~*~ (stealth).
  1797 | D:2      | 1797 ||| DROPPING amulet of magic regeneration.
  1798 | D:2      | 1798 ||| UPGRADING to ring of poison resistance.
  1799 | D:2      | 1799 ||| DROPPING ring of wizardry.
  1800 | D:2      | 1800 ||| READING scroll labelled JATSAPUPRA.
  1800 | D:2      | Identified a scroll of acquirement
  1800 | D:2      | 1800 ||| ACQUIRING 1040 gold pieces
  1800 | D:2      | Acquired 1040 gold pieces
  1802 | D:2      | 1802 ||| READING scroll labelled XUCLUTEYTA.
  1803 | D:2      | 1803 ||| READING scroll labelled HIDWUZIUSM.
  1804 | D:2      | 1804 ||| DRINKING 2 metallic grey potions.
  1805 | D:2      | 1805 ||| READING 2 scrolls of identify.
  1805 | D:2      | 1805 ||| IDENTIFYING murky puce potion
  1806 | D:2      | 1806 ||| DROPPING potion of berserk rage.
  2144 | D:3      | 2144 ||| INVOKING Fiery Armour.
  2150 | D:3      | Reached skill level 5 in Unarmed Combat
  2150 | D:3      | Reached XP level 4. HP: 44/44 MP: 4/4
  2157 | D:3      | 2157 ||| FLEEEEING.
  2158 | D:3      | 2158 ||| FLEEEEING.
  2159 | D:3      | 2159 ||| FLEEEEING.
  2160 | D:3      | 2160 ||| FLEEEEING.
  2161 | D:3      | 2161 ||| FLEEEEING.
  2162 | D:3      | 2162 ||| FLEEEEING.
  2219 | D:3      | Found a runed translucent door.
  2300 | D:3      | Noticed qw's ghost (amateur TrCA)
  2324 | D:3      | Found a runed translucent door.
  2402 | D:3      | Reached XP level 5. HP: 49/50 MP: 3/5
  2698 | D:3      | 2698 ||| UPGRADING to +2 cloak.
  2703 | D:3      | 2703 ||| READING 2 scrolls of identify.
  2703 | D:3      | 2703 ||| IDENTIFYING smoky white potion
  2746 | D:4      | Noticed Menkaure
  2750 | D:4      | Killed Menkaure
  2751 | D:4      | Reached skill level 6 in Unarmed Combat
  2751 | D:4      | Reached XP level 6. HP: 59/59 MP: 6/6
  2805 | D:4      | 2805 ||| Stepping ~*~*~tactically~*~*~ (stealth).
  2814 | D:4      | 2814 ||| Stepping ~*~*~tactically~*~*~ (outnumbered).
  2830 | D:4      | Found Wiah's Self-Improvement Boutique.
  2945 | D:4      | Found Reuz's Assorted Antiques.
  2959 | D:4      | 2959 ||| BUYING 3 scrolls labelled HAN WAPURHARINUGOI (90
                  | gold).
  2959 | D:4      | Bought 3 scrolls labelled HAN WAPURHARINUGOI for 90 gold
                  | pieces
  2959 | D:4      | 2959 ||| BUYING emerald potion (27 gold).
  2959 | D:4      | Bought an emerald potion for 27 gold pieces
  2959 | D:4      | 2959 ||| BUYING scroll of identify (60 gold).
  2959 | D:4      | Bought a scroll of identify for 60 gold pieces
  2959 | D:4      | 2959 ||| BUYING shiny gilded ring (150 gold).
  2959 | D:4      | Bought a shiny gilded ring for 150 gold pieces
  3450 | D:4      | 3450 ||| DROPPING ring of magical power.
  3451 | D:4      | 3451 ||| READING scroll labelled APPUPL ECRIO.
  3452 | D:4      | 3452 ||| READING 3 scrolls labelled HAN WAPURHARINUGOI.
  3453 | D:4      | 3453 ||| READING scroll labelled HAPPOS LONUPS.
  3454 | D:4      | 3454 ||| DRINKING 2 fizzy blue potions.
  3455 | D:4      | 3455 ||| DRINKING 2 amethyst potions.
  3456 | D:4      | 3456 ||| DRINKING 3 emerald potions.
  3457 | D:4      | 3457 ||| READING 2 scrolls of identify.
  3457 | D:4      | 3457 ||| IDENTIFYING fizzy emerald potion
  3458 | D:4      | 3458 ||| DROPPING potion of flight.
  3459 | D:4      | 3459 ||| DROPPING 2 scrolls of summoning.
  3474 | D:5      | Entered Level 5 of the Dungeon
  3481 | D:5      | Reached skill level 7 in Unarmed Combat
  3562 | D:5      | 3562 ||| Stepping ~*~*~tactically~*~*~ (stealth).
  3564 | D:5      | 3564 ||| Stepping ~*~*~tactically~*~*~ (stealth).
  3568 | D:5      | 3568 ||| INVOKING Fiery Armour.
  3569 | D:5      | 3569 ||| Stepping ~*~*~tactically~*~*~ (stealth).
  3574 | D:5      | 3574 ||| Stepping ~*~*~tactically~*~*~ (stealth).
  3600 | D:5      | 3600 ||| Stepping ~*~*~tactically~*~*~ (stealth).
  3603 | D:5      | 3603 ||| Stepping ~*~*~tactically~*~*~ (hiding).
  3608 | D:5      | Reached skill level 8 in Unarmed Combat
  3608 | D:5      | 3608 ||| Stepping ~*~*~tactically~*~*~ (hiding).
  3609 | D:5      | 3609 ||| Stepping ~*~*~tactically~*~*~ (hiding).
  3610 | D:5      | 3610 ||| Stepping ~*~*~tactically~*~*~ (stealth).
  3611 | D:5      | Reached XP level 7. HP: 62/66 MP: 7/7
  3615 | D:5      | 3615 ||| Stepping ~*~*~tactically~*~*~ (outnumbered).
  3654 | D:5      | Reached skill level 3 in Fighting
  3705 | D:5      | Found a blossoming altar of Fedhas.
  3710 | D:5      | 3710 ||| INVOKING Fiery Armour.
  3712 | D:5      | 3712 ||| DRINKING 2 potions of curing.
  3712 | D:5      | 3712 ||| (to cure confusion)
  3715 | D:5      | Found a sparkling altar of Nemelex Xobeh.
  3719 | D:5      | 3719 ||| Stepping ~*~*~tactically~*~*~ (outnumbered).
  3720 | D:5      | 3720 ||| Stepping ~*~*~tactically~*~*~ (outnumbered).
  3728 | D:5      | 3728 ||| Stepping ~*~*~tactically~*~*~ (stealth).
  3853 | D:5      | Found a basalt altar of Yredelemnul.
  3854 | D:5      | Found a glowing golden altar of the Shining One.
  3854 | D:5      | Found a burning altar of Makhleb.
  3855 | D:5      | Found a radiant altar of Vehumet.
  4116 | D:5      | 4116 ||| UPGRADING to +1 robe of willpower.
  4126 | D:5      | 4126 ||| DROPPING +0 robe.
  4127 | D:5      | 4127 ||| READING 2 scrolls of identify.
  4127 | D:5      | 4127 ||| IDENTIFYING silvery potion
  4206 | D:6      | Reached skill level 9 in Unarmed Combat
  4248 | D:6      | 4248 ||| Stepping ~*~*~tactically~*~*~ (hiding).
  4256 | D:6      | Reached skill level 1 in Throwing
  4256 | D:6      | Reached XP level 8. HP: 70/75 MP: 6/8
  4285 | D:6      | Reached skill level 1 in Dodging
  4313 | D:6      | 4313 ||| Stepping ~*~*~tactically~*~*~ (outnumbered).
  4314 | D:6      | 4314 ||| Stepping ~*~*~tactically~*~*~ (outnumbered).
  4315 | D:6      | 4315 ||| Stepping ~*~*~tactically~*~*~ (outnumbered).
  4317 | D:6      | 4317 ||| Stepping ~*~*~tactically~*~*~ (outnumbered).
  4429 | D:6      | 4429 ||| Stepping ~*~*~tactically~*~*~ (stealth).
  4434 | D:6      | 4434 ||| Stepping ~*~*~tactically~*~*~ (outnumbered).
  4440 | D:6      | 4440 ||| Stepping ~*~*~tactically~*~*~ (stealth).
  4507 | D:6      | 4507 ||| Stepping ~*~*~tactically~*~*~ (hiding).
  4681 | D:6      | Found a staircase to the Ecumenical Temple.
  4697 | D:6      | 4697 ||| Stepping ~*~*~tactically~*~*~ (stealth).
  4699 | D:6      | 4699 ||| Stepping ~*~*~tactically~*~*~ (hiding).
  4700 | D:6      | 4700 ||| Stepping ~*~*~tactically~*~*~ (hiding).
  4852 | D:7      | 4852 ||| Stepping ~*~*~tactically~*~*~ (hiding).
  4853 | D:7      | 4853 ||| Stepping ~*~*~tactically~*~*~ (hiding).
  4907 | D:7      | Found an iron altar of Okawaru.
  4917 | D:7      | Found Gyofuiw's Fire Supplies.
  4918 | D:7      | 4918 ||| Stepping ~*~*~tactically~*~*~ (hiding).
  4925 | D:7      | Reached skill level 10 in Unarmed Combat
  4977 | D:7      | 4977 ||| BUYING +0 robe of fire resistance (84 gold).
  4977 | D:7      | Bought a +0 robe of fire resistance for 84 gold pieces
  4977 | D:7      | 4977 ||| BUYING ring of fire (275 gold).
  4977 | D:7      | Bought a ring of fire for 275 gold pieces
  5017 | D:7      | 5017 ||| INVOKING Fiery Armour.
  5019 | D:7      | HP: 19/78 [poisoned by a killer bee]
  5020 | D:7      | 5020 ||| READING 3 scrolls of teleportation.
  5021 | D:7      | 5021 ||| DRINKING potion of heal wounds.
  5086 | D:7      | Found a hide-covered altar of Uskayaw.
  5203 | D:7      | Noticed a red ugly thing
  5203 | D:7      | Noticed a purple ugly thing
  5204 | D:7      | Noticed a white ugly thing
  5204 | D:7      | Noticed a green ugly thing
  5205 | D:7      | Found a corrupted altar of Lugonu.
  5224 | D:7      | Found Tioj's Distillery.
  5230 | D:7      | 5230 ||| BUYING 2 potions of haste (280 gold).
  5230 | D:7      | Bought 2 potions of haste for 280 gold pieces
  5230 | D:7      | 5230 ||| BUYING potion of cancellation (112 gold).
  5230 | D:7      | Bought a potion of cancellation for 112 gold pieces
  5230 | D:7      | 5230 ||| BUYING potion of curing (42 gold).
  5230 | D:7      | Bought a potion of curing for 42 gold pieces
  5230 | D:7      | 5230 ||| BUYING potion of might (56 gold).
  5230 | D:7      | Bought a potion of might for 56 gold pieces
  5230 | D:7      | 5230 ||| BUYING potion of might (56 gold).
  5230 | D:7      | Bought a potion of might for 56 gold pieces
  5230 | D:7      | 5230 ||| BUYING potion of mutation (112 gold).
  5230 | D:7      | Bought a potion of mutation for 112 gold pieces
  5230 | D:7      | 5230 ||| BUYING potion of mutation (112 gold).
  5230 | D:7      | Bought a potion of mutation for 112 gold pieces
  5259 | D:7      | 5259 ||| Stepping ~*~*~tactically~*~*~ (outnumbered).
  5341 | D:7      | Found a transporter.
  5343 | D:7      | Found a transporter.
  5411 | D:7      | 5411 ||| READING scroll labelled TALADE GIOTOA.
  5462 | D:8      | 5462 ||| INVOKING Fiery Armour.
  5464 | D:8      | 5464 ||| Stepping ~*~*~tactically~*~*~ (outnumbered).
  5465 | D:8      | 5465 ||| Stepping ~*~*~tactically~*~*~ (outnumbered).
  5466 | D:8      | 5466 ||| Stepping ~*~*~tactically~*~*~ (outnumbered).
  5467 | D:8      | 5467 ||| Stepping ~*~*~tactically~*~*~ (outnumbered).
  5476 | D:8      | Reached skill level 11 in Unarmed Combat
  5525 | D:8      | Noticed a death yak
  5527 | D:8      | Noticed a death yak
  5528 | D:8      | 5528 ||| Stepping ~*~*~tactically~*~*~ (stealth).
  5529 | D:8      | Noticed a death yak
  5534 | D:8      | 5534 ||| Stepping ~*~*~tactically~*~*~ (stealth).
  5539 | D:8      | Killed a death yak
  5540 | D:8      | Reached XP level 9. HP: 63/84 MP: 5/9
  5544 | D:8      | 5544 ||| Stepping ~*~*~tactically~*~*~ (stealth).
  5546 | D:8      | 5546 ||| Stepping ~*~*~tactically~*~*~ (outnumbered).
  5546 | D:8      | HP: 19/84 [death yak (13)]
  5547 | D:8      | 5547 ||| READING 2 scrolls of teleportation.
  5548 | D:8      | 5548 ||| Stepping ~*~*~tactically~*~*~ (outnumbered).
  5548 | D:8      | HP: 5/84 [death yak (9)]
  5549 | D:8      | 5549 ||| Stepping ~*~*~tactically~*~*~ (outnumbered).
  5550 | D:8      | 5550 ||| Stepping ~*~*~tactically~*~*~ (outnumbered).
  5550 | D:8      | Mangled by a death yak

Levels and vault maps discovered:
D:1:      dpeg_arrival_morbid_curiosity, layout_loops_corners,
          shapermc_ecumenical_altar_starsandcircs
D:2:      layout_basic, basic_altar
D:3:      layout_basic, ebering_ghost_sewer_f, serial_bayou_lagoon_a
D:4:      layout_layer_cave, serial_shops, shop, skrybe_limestone_x,
          nicolae_eternal_life, nicolae_shop_self_help, uniq_menkaure
D:5:      layout_rooms, grunt_temple_overflow_open
D:6:      layout_rooms, minmay_temple_entry_mini_moons
D:7:      gammafunk_corrupted_shrine, layout_basic, pf_just_have_faith,
          okawaru_metal_pillars_3, serial_shops, shop, nicolae_shop_fire_sale
          [nicolae_sub_dead_trees]
D:8:      layout_gridville, dpeg_lair_monsters

Skill      XL: |  1  2  3  4  5  6  7  8 |
---------------+-------------------------+-----
Unarmed Combat | 4 5 6 8 9 11 | 11.9
Fighting       | 3 4 |  4.1
Throwing       | 1 |  1.5
Dodging        | 1 |  1.4
Spellcasting   | |  1.0
Fire Magic     | |  2.1

Action                   |  1- 3 |  4- 6 |  7- 9 || total
-------------------------+-------+-------+-------++-------
Melee: Unarmed           |    90 |    74 |   151 ||   315
       Punch             |     2 |       |     5 ||     7
Throw: Boomerang         |       |    17 |    37 ||    54
Invok: Fiery Armour      |     1 |     1 |     3 ||     5
  Use: Scroll            |     9 |     5 |     4 ||    18
       Potion            |     1 |     3 |     2 ||     6
Armor: Robe              |    27 |    25 |    70 ||   122
Dodge: Dodged            |    20 |    20 |    70 ||   110

Table legend:
 A = Non-vault XP
 B = Vault XP
 C = Vault XP percentage of total XP
 D = Non-vault monster count
 E = Vault monster count
 F = Vault count percentage of total count
                 A         B        C        D         E       F
            +---------+---------+-------+---------+---------+-------
      Total |    2574 |     995 |  27.9 |     126 |       7 |   5.3
            +---------+---------+-------+---------+---------+-------
        D:1 |      21 |       9 |  30.0 |      12 |       5 |  29.4
        D:2 |      44 |       0 |   0.0 |      16 |       0 |   0.0
        D:3 |     123 |       0 |   0.0 |      19 |       0 |   0.0
        D:4 |      44 |     169 |  79.3 |       8 |       1 |  11.1
        D:5 |     852 |       0 |   0.0 |      31 |       0 |   0.0
        D:6 |     603 |       0 |   0.0 |      17 |       0 |   0.0
        D:7 |     708 |       0 |   0.0 |      18 |       0 |   0.0
        D:8 |     179 |     817 |  82.0 |       5 |       1 |  16.7
            +---------+---------+-------+---------+---------+-------
